 Dungeon Crawl Stone Soup version 0.22.1-6-g1668fe2 (webtiles) character file.

76 Fang the Skirmisher (level 4, 0/29 HPs)
             Began as a Gargoyle Berserker on Feb 7, 2019.
             Was a Believer of Trog.
             Slain by Grinder (8 damage)
             ... on level 3 of the Dungeon.
             The game lasted 00:02:55 (1624 turns).

Fang the Skirmisher (Gargoyle Berserker)            Turns: 1624, Time: 00:02:56

Health: 0/29       AC:  8    Str: 21    XL:     4   Next: 32%
Magic:  4/4        EV: 12    Int:  8    God:    Trog [**....]
Gold:   106        SH:  0    Dex:  9    Spells: 3/3 levels left

rFire    . . .     SeeInvis .   a - +0 hand axe
rCold    . . .     Gourm    .   (no shield)
rNeg     + . .     Faith    .   b - +0 animal skin
rPois    ∞         Spirit   .   (no helmet)
rElec    +         Reflect  .   (no cloak)
rCorr    .         Harm     .   d - +1 pair of gloves
MR       .....                  (no boots)
Stlth    +.........             (no amulet)
HPRegen  0.09/turn              (no ring)
MPRegen  0.09/turn              (no ring)

@: slowed, very slow
A: negative energy resistance 1, electricity resistance, unbreathing,
petrification resistance, rot immunity, AC +3
a: Berserk, Trog's Hand, Renounce Religion


You were on level 3 of the Dungeon.
You worshipped Trog.
Trog was pleased with you.
You were very hungry.

You visited 1 branch of the dungeon, and saw 3 of its levels.

You collected 106 gold pieces.

Inventory:

Hand Weapons
 a - a +0 hand axe (weapon)
Armour
 b - a +0 animal skin (worn)
 d - a +1 pair of gloves (worn)
Scrolls
 f - a scroll of random uselessness {unknown}
 h - 2 scrolls of magic mapping {unknown}
 j - 2 scrolls of identify {unknown}
 k - a scroll of fear {unknown}
Potions
 e - 2 potions of brilliance {unknown}
 g - 2 potions of lignification {unknown}
 i - a potion of resistance {unknown}
Comestibles
 c - 5 rations


   Skills:
 + Level 4.0 Fighting
 + Level 3.2 Axes
 + Level 3.0 Armour
 + Level 2.2 Dodging


You had 3 spell levels left.
You didn't know any spells.
Your spell library was empty.

Dungeon Overview and Level Annotations

Branches:
Dungeon (3/15)

Altars:

Annotations:
D:3 Grinder


Innate Abilities, Weirdness & Mutations

You are resistant to torment.
Your stone body is resilient. (AC +3)
You are immune to poison.
You resist negative energy. (rN+)
You are resistant to electric shocks. (rElec)
You can survive without breathing.
You are immune to petrification.
You are immune to rotting.


Message History

You closely miss Grinder. The orc wizard barely misses you.
Grinder gestures at you. You resist with significant effort.
The orc wizard points at you and mumbles some strange words.
The magic dart hits you! Grinder hits you but does no damage.
The orc wizard closely misses you.
You barely miss the orc wizard.
The orc wizard is lightly wounded.
You hit Grinder.
The orc wizard hits you but does no damage.
Grinder completely misses you. The orc wizard barely misses you.
Grinder hits you.
You writhe in agony.
* * * LOW HITPOINT WARNING * * *
The orc wizard closely misses you.
You barely miss the orc wizard.
The orc wizard is lightly wounded.
You hit Grinder.
The orc wizard hits you but does no damage.
Grinder hits you!
You die...

#..#.. #
#.##..#.#.#
........#.#%#
#..).)...# #(#
#.# #o# #5# #@#
########o# .
#........# ####
#.#####..# ...##
#.##.....# ....#
#.##.##.## ....#
#.......#
#.#.########.####
#............#


You could see Grinder, an orc wizard and an orc.

Vanquished Creatures
  Terence (D:2)
  2 oozes
  A worm (D:2)
  A dart slug (D:2)
  A leopard gecko (D:1)
  3 orcs
  3 giant cockroaches
  5 goblins (D:1)
  2 hobgoblins (D:1)
  3 bats (D:2)
  2 frilled lizards
  5 kobolds
  4 rats
33 creatures vanquished.

Notes
Turn   | Place    | Note
-------+----------+-------------------------------------------
     0 | D:1      | Fang the Gargoyle Berserker began the quest for the Orb.
     0 | D:1      | Reached XP level 1. HP: 14/14 MP: 1/1
    96 | D:1      | Reached XP level 2. HP: 16/19 MP: 2/2
   807 | D:2      | Reached XP level 3. HP: 23/23 MP: 3/3
   819 | D:2      | Noticed Terence
   833 | D:2      | Killed Terence
   838 | D:2      | Reached XP level 4. HP: 20/29 MP: 4/4
  1091 | D:2      | Reached ** piety under Trog
  1129 | D:2      | Reached skill level 4 in Fighting
  1606 | D:3      | Noticed Grinder
  1624 | D:3      | Slain by Grinder

Skill      XL: |  1  2  3  4 |
---------------+-------------+-----
Axes           | 3 |  3.2
Dodging        | 2 |  2.2
Armour         | 3 |  3.0
Fighting       | 4 |  4.0

Action                   |  1- 3 |  4- 6 || total
-------------------------+-------+-------++-------
Melee: Hand axe          |    71 |    38 ||   109
  Eat: Chunk             |       |     1 ||     1
Armor: Animal skin       |    24 |    26 ||    50
Dodge: Dodged            |    57 |    27 ||    84
